BLB
TORONTO CANADIANS @ MAINE GUIDES
10/07/2059
 
TOP OF THE 1ST
Toronto Canadians batting - Pitching for Maine Guides : RHP Dave Lassell
Pitching: RHP Dave Lassell
Batting: LHB Chase Calhoun 0-0: Ball
1-0: Foul Ball, location: 2F
1-1: Ball
2-1: Ball
3-1: Called Strike
3-2: SINGLE (Line Drive, 89S, EV 111.9 MPH)
Batting: RHB Olin Keele 0-0: Ball
Chase Calhoun steals 2nd base
1-0: Ball
2-0: Called Strike
2-1: Foul Ball, location: 2F
2-2: Foul Ball, location: 2F
2-2: Ball
3-2: Foul Ball, location: 2F
3-2: Base on Balls
Batting: LHB Brian Wheat 0-0: Called Strike
0-1: Fly out, F8 (Flyball, 89D, EV 87.5 MPH)
Runner from 2nd tags up, SAFE at 3rd, no throw by CF
Batting: LHB Romeo Nester 0-0: Ball
Olin Keele steals 2nd base (no throw)
1-0: Ball
2-0: Foul Ball, location: 2F
2-1: Ball
3-1: DOUBLE (Groundball, 3L, EV 102.5 MPH)
Chase Calhoun scores
Olin Keele scores
Batting: LHB Kelvin Kenney 0-0: Ball
1-0: Foul Ball, location: 2F
1-1: Called Strike
1-2: Ground out 6-3 (Groundball, P, EV 86.2 MPH)
Romeo Nester to third
Batting: LHB David Mitchell 0-0: SINGLE (Flyball, 8LS, EV 93.1 MPH)
Romeo Nester scores
Batting: LHB Cory Petit 0-0: Swinging Strike
0-1: Foul Ball, location: 2F
0-2: Strikes out swinging
Top of the 1st over - 3 runs, 3 hits, 0 errors, 1 left on base; Toronto 3 - Maine 0
BOTTOM OF THE 1ST
Maine Guides batting - Pitching for Toronto Canadians : LHP Zane Hastings
Pitching: LHP Zane Hastings
Batting: RHB Walt Dutro 0-0: Foul Ball, location: 2F
0-1: Ball
1-1: Called Strike
1-2: Ball
2-2: Strikes out swinging
Batting: RHB Sean Brown 0-0: Ball
1-0: Called Strike
1-1: Ball
2-1: Called Strike
2-2: Ball
3-2: DOUBLE (Line Drive, 7LM, EV 91.2 MPH)
Batting: RHB Jarrett Shaneyfelt 0-0: Called Strike
0-1: Foul Ball, location: 2F
0-2: Ball
1-2: Ball
2-2: Ground out 5-3 (Groundball, 56, EV 103.1 MPH)
Batting: RHB Nathan Bennett 0-0: Ball
1-0: Called Strike
1-1: Foul Ball, location: 2F
1-2: Strikes out swinging
Bottom of the 1st over - 0 runs, 1 hit, 0 errors, 1 left on base; Toronto 3 - Maine 0
TOP OF THE 2ND
Toronto Canadians batting - Pitching for Maine Guides : RHP Dave Lassell
Batting: RHB Keon Pryor 0-0: SINGLE (Flyball, 5D, EV 90.6 MPH)
Batting: LHB Braden Tallman 0-0: Ball
1-0: Ball
2-0: Fly out, F4 (Popup, 4MD, EV 53.8 MPH)
Batting: LHB Chase Calhoun 0-0: Called Strike
Keon Pryor steals 2nd base
0-1: Ball
1-1: Called Strike
1-2: Ball
2-2: Fly out, F7 (Flyball, 7LS, EV 90.0 MPH)
Batting: RHB Olin Keele 0-0: Ground out U3 (Groundball, 34S, EV 81.9 MPH)
Top of the 2nd over - 0 runs, 1 hit, 0 errors, 1 left on base; Toronto 3 - Maine 0
BOTTOM OF THE 2ND
Maine Guides batting - Pitching for Toronto Canadians : LHP Zane Hastings
Batting: SHB Desmond Moynihan 0-0: Ground out 3-1 (Groundball, 34, EV 87.5 MPH)
Batting: RHB Brad Pendolino 0-0: Fly out, F8 (Flyball, 8LS, EV 95.0 MPH)
Batting: RHB Jarrett Vazquez 0-0: Ball
1-0: Foul Ball, location: 2F
1-1: Foul Ball, location: 2F
1-2: Strikes out swinging
Bottom of the 2nd over - 0 runs, 0 hits, 0 errors, 0 left on base; Toronto 3 - Maine 0
TOP OF THE 3RD
Toronto Canadians batting - Pitching for Maine Guides : RHP Dave Lassell
Batting: LHB Brian Wheat 0-0: Ball
1-0: Called Strike
1-1: Foul Ball, location: 2F
1-2: Ball
2-2: Ground out 4-3 (Groundball, 4, EV 78.1 MPH)
Batting: LHB Romeo Nester 0-0: Called Strike
0-1: Foul Ball, location: 2F
0-2: SINGLE (Groundball, 3D, EV 97.5 MPH)
Batting: LHB Kelvin Kenney 0-0: Called Strike
Romeo Nester steals 2nd base
0-1: Ball
1-1: Ball
2-1: Foul Ball, location: 2F
2-2: Foul Ball, location: 2F
2-2: Foul Ball, location: 2F
2-2: SINGLE (Groundball, 34D, EV 93.8 MPH)
Romeo Nester to third
Batting: LHB David Mitchell 0-0: Ball
1-0: Fly out, F8 (Flyball, 89M, EV 82.5 MPH)
Batting: LHB Cory Petit 0-0: Called Strike
0-1: Ball
1-1: Ball
2-1: Called Strike
2-2: Foul Ball, location: 2F
2-2: Foul Ball, location: 2F
2-2: Reached on error, E6 (Groundball, 6, EV 105.0 MPH)
Romeo Nester scores
Kelvin Kenney to second
Batting: RHB Keon Pryor 0-0: Fly out, F7 (Flyball, 7S, EV 83.8 MPH)
Top of the 3rd over - 1 run, 2 hits, 1 error, 2 left on base; Toronto 4 - Maine 0
BOTTOM OF THE 3RD
Maine Guides batting - Pitching for Toronto Canadians : LHP Zane Hastings
Batting: RHB Byron Bentley 0-0: Foul Ball, location: 2F
0-1: Ball
1-1: Fly out, F9 (Flyball, 9D, EV 108.1 MPH)
Batting: RHB Jaret Foley 0-0: Ball
1-0: Called Strike
1-1: Ball
2-1: Called Strike
2-2: Ground out 6-3 (Groundball, 6, EV 99.4 MPH)
Batting: RHB Walt Dutro 0-0: Ball
1-0: Swinging Strike
1-1: Foul Ball, location: 2F
1-2: Foul Ball, location: 2F
1-2: Strikes out swinging, 2-3 out at first.
Bottom of the 3rd over - 0 runs, 0 hits, 0 errors, 0 left on base; Toronto 4 - Maine 0
TOP OF THE 4TH
Toronto Canadians batting - Pitching for Maine Guides : RHP Dave Lassell
Batting: LHB Braden Tallman 0-0: Ground out 4-3 (Groundball, 4, EV 84.4 MPH)
Pitching: RHP Ellery Skaleski
Batting: LHB Chase Calhoun 0-0: Called Strike
0-1: Swinging Strike
0-2: Ball
1-2: TRIPLE (Groundball, 3L, EV 103.1 MPH)
Batting: RHB Olin Keele 0-0: Ball
1-0: Ball
2-0: Foul Ball, location: 2F
2-1: Swinging Strike
2-2: Reached on error, E4 (Groundball, 4, EV 85.0 MPH)
Chase Calhoun scores
Batting: LHB Brian Wheat 0-0: Called Strike
0-1: Ball
Wild Pitch!
Olin Keele to second
1-1: Foul Ball, location: 2F
1-2: Ball
2-2: Foul Ball, location: 2F
2-2: Ground out U3 (Groundball, 3L, EV 78.1 MPH)
Olin Keele to third
Batting: LHB Romeo Nester 0-0: Ball
1-0: Ball
2-0: Ball
3-0: Called Strike
3-1: Base on Balls
Batting: LHB Kelvin Kenney 0-0: Ball
1-0: Ball
2-0: Ball
3-0: Foul Ball, location: 2F
3-1: Foul Ball, location: 2F
3-2: Strikes out swinging
Top of the 4th over - 1 run, 1 hit, 1 error, 2 left on base; Toronto 5 - Maine 0
BOTTOM OF THE 4TH
Maine Guides batting - Pitching for Toronto Canadians : LHP Zane Hastings
Batting: RHB Sean Brown 0-0: Foul Ball, location: 2F
0-1: Foul Ball, location: 2F
0-2: Ball
1-2: Ball
2-2: Foul Ball, location: 2F
2-2: Ball
3-2: Base on Balls
Batting: RHB Jarrett Shaneyfelt 0-0: Ball
1-0: Ball
2-0: Ball
3-0: Fielders Choice at 2nd, 6-4 (Groundball, 56, EV 85.0 MPH)
Batting: RHB Nathan Bennett 0-0: Ball
1-0: Foul Ball, location: 2F
1-1: SINGLE (Groundball, 4MD, EV 90.6 MPH) (infield hit)
Jarrett Shaneyfelt to second
Batting: SHB Desmond Moynihan 0-0: SINGLE (Groundball, 5S, EV 66.9 MPH) (infield hit)
Jarrett Shaneyfelt to third
Nathan Bennett to second
Batting: RHB Brad Pendolino 0-0: Ball
1-0: Called Strike
1-1: Ball
2-1: Ball
3-1: Grounds into double play, 4-6-3 (Groundball, 4, EV 108.8 MPH)
Bottom of the 4th over - 0 runs, 2 hits, 0 errors, 2 left on base; Toronto 5 - Maine 0
TOP OF THE 5TH
Toronto Canadians batting - Pitching for Maine Guides : RHP Ellery Skaleski
Batting: LHB David Mitchell 0-0: Foul Ball, location: 2F
0-1: Ball
1-1: Swinging Strike
1-2: Foul Ball, location: 2F
1-2: SINGLE (Flyball, 4MD, EV 93.8 MPH)
Batting: LHB Cory Petit 0-0: Fly out, F9 (Line Drive, 9S, EV 103.1 MPH)
Batting: RHB Keon Pryor 0-0: Ball
1-0: Fly out, F8 (Line Drive, 89M, EV 103.1 MPH)
Batting: LHB Braden Tallman 0-0: Ball
1-0: Ball
2-0: Ball
3-0: Called Strike
3-1: TRIPLE (Flyball, 89XD, EV 105.6 MPH)
David Mitchell scores
Batting: LHB Chase Calhoun 0-0: Ball
1-0: Foul Ball, location: 2F
1-1: Called Strike
1-2: Ball
2-2: Strikes out looking
Top of the 5th over - 1 run, 2 hits, 0 errors, 1 left on base; Toronto 6 - Maine 0
BOTTOM OF THE 5TH
Maine Guides batting - Pitching for Toronto Canadians : LHP Zane Hastings
Batting: RHB Jarrett Vazquez 0-0: Ball
1-0: Called Strike
1-1: Fly out, F7 (Line Drive, 7, EV 90.6 MPH)
Batting: RHB Byron Bentley 0-0: Ball
1-0: Ball
2-0: SOLO HOME RUN (Flyball, 9LD, EV 98.1 MPH), Distance : 360 ft
Batting: RHB Jaret Foley 0-0: Called Strike
0-1: Foul Ball, location: 2F
0-2: Strikes out swinging
Batting: RHB Walt Dutro 0-0: Called Strike
0-1: Ball
1-1: Ball
2-1: SINGLE (Line Drive, 78S, EV 109.4 MPH)
Batting: RHB Sean Brown 0-0: Ball
1-0: Ball
Walt Dutro steals 2nd base
2-0: Fly out, F9 (Flyball, 9, EV 91.2 MPH)
Bottom of the 5th over - 1 run, 2 hits, 0 errors, 1 left on base; Toronto 6 - Maine 1
TOP OF THE 6TH
Toronto Canadians batting - Pitching for Maine Guides : RHP Ellery Skaleski
Batting: RHB Olin Keele 0-0: Called Strike
0-1: Ball
1-1: Ball
2-1: Ball
3-1: Base on Balls
Batting: LHB Brian Wheat 0-0: Called Strike
Olin Keele is caught stealing 2nd base 2-6
0-1: Ground out U3 (Groundball, 3, EV 102.5 MPH)
Batting: LHB Romeo Nester 0-0: Foul Ball, location: 2F
0-1: Ground out U3 (Groundball, 3, EV 102.5 MPH)
Top of the 6th over - 0 runs, 0 hits, 0 errors, 0 left on base; Toronto 6 - Maine 1
BOTTOM OF THE 6TH
Maine Guides batting - Pitching for Toronto Canadians : LHP Zane Hastings
Batting: RHB Jarrett Shaneyfelt 0-0: Called Strike
0-1: SINGLE (Groundball, 6M, EV 103.1 MPH) (infield hit)
Batting: RHB Nathan Bennett 0-0: Ball
Jarrett Shaneyfelt steals 2nd base
1-0: Called Strike
1-1: Foul Ball, location: 2F
1-2: Foul Ball, location: 2F
1-2: TRIPLE (Flyball, 7D, EV 93.1 MPH)
Jarrett Shaneyfelt scores
Batting: SHB Desmond Moynihan 0-0: Ball
1-0: Called Strike
1-1: Foul Ball, location: 2F
1-2: Ball
2-2: Strikes out looking
Batting: RHB Brad Pendolino 0-0: Ball
1-0: Ball
2-0: Ball
3-0: Called Strike
3-1: Fly out, F8 (Flyball, 8RD, EV 105.0 MPH)
Runner from 3rd tags up, SCORES, throw by CF
Batting: RHB Jarrett Vazquez 0-0: Swinging Strike
0-1: Called Strike
0-2: Foul Ball, location: 2F
0-2: Ball
1-2: Ball
2-2: SINGLE (Line Drive, 56D, EV 97.5 MPH)
Batting: RHB Byron Bentley 0-0: Ball
1-0: Ball
2-0: Foul Ball, location: 2F
2-1: Called Strike
2-2: Ground out 5-3 (Groundball, 25, EV 86.9 MPH)
Bottom of the 6th over - 2 runs, 3 hits, 0 errors, 1 left on base; Toronto 6 - Maine 3
TOP OF THE 7TH
Toronto Canadians batting - Pitching for Maine Guides : RHP Ellery Skaleski
Batting: LHB Kelvin Kenney 0-0: Ball
1-0: Fly out, F8 (Flyball, 8LD, EV 102.5 MPH)
Batting: LHB David Mitchell 0-0: Ball
1-0: SINGLE (Line Drive, 7S, EV 103.1 MPH)
Pitching: RHP Shawn Johnson
Batting: LHB Cory Petit 0-0: Called Strike
0-1: Ball
1-1: Grounds into double play, 6-4-3 (Groundball, 6, EV 102.5 MPH)
Top of the 7th over - 0 runs, 1 hit, 0 errors, 0 left on base; Toronto 6 - Maine 3
BOTTOM OF THE 7TH
Maine Guides batting - Pitching for Toronto Canadians : LHP Zane Hastings
Batting: RHB Jaret Foley 0-0: Ball
1-0: Ball
2-0: Foul Ball, location: 2F
2-1: Swinging Strike
2-2: Strikes out swinging
Batting: RHB Walt Dutro 0-0: Ball
1-0: Foul Ball, location: 2F
1-1: Ball
2-1: Called Strike
2-2: Foul Ball, location: 2F
2-2: Strikes out swinging
Batting: RHB Sean Brown 0-0: Ball
1-0: DOUBLE (Flyball, 89XD, EV 106.9 MPH)
Pitching: RHP Owen Carr
Batting: RHB Jarrett Shaneyfelt 0-0: SINGLE (Flyball, 89S, EV 100.0 MPH)
Sean Brown to third
Batting: RHB Nathan Bennett 0-0: Fly out, F8 (Line Drive, 8RD, EV 95.6 MPH)
Bottom of the 7th over - 0 runs, 2 hits, 0 errors, 2 left on base; Toronto 6 - Maine 3
TOP OF THE 8TH
Toronto Canadians batting - Pitching for Maine Guides : RHP Shawn Johnson
Batting: RHB Keon Pryor 0-0: Ball
1-0: SINGLE (Groundball, 6MD, EV 96.9 MPH)
Batting: LHB Braden Tallman 0-0: Ball
Keon Pryor is caught stealing 2nd base 2-6
1-0: SINGLE (Groundball, 4MD, EV 98.1 MPH)
Batting: LHB Chase Calhoun 0-0: Called Strike
Braden Tallman steals 2nd base
0-1: Ball
1-1: Ball
2-1: Foul Ball, location: 2F
2-2: Strikes out looking
Batting: RHB Olin Keele 0-0: Called Strike
0-1: Foul Ball, location: 2F
0-2: Fly out, F9 (Flyball, 9, EV 96.9 MPH)
Top of the 8th over - 0 runs, 2 hits, 0 errors, 1 left on base; Toronto 6 - Maine 3
BOTTOM OF THE 8TH
Maine Guides batting - Pitching for Toronto Canadians : RHP Owen Carr
Now at 3B: Odell Mapute
Now in LF: Reese Bowman
Batting: SHB Desmond Moynihan 0-0: Called Strike
0-1: Ball
1-1: Ball
2-1: Ground out 4-3 (Groundball, 34D, EV 101.9 MPH)
Batting: RHB Brad Pendolino 0-0: Foul Ball, location: 2F
0-1: SOLO HOME RUN (Line Drive, 7LD, EV 96.9 MPH), Distance : 345 ft
Batting: RHB Jarrett Vazquez 0-0: Called Strike
0-1: Ball
1-1: Ball
2-1: Called Strike
2-2: SINGLE (Groundball, 6D, EV 103.8 MPH)
Batting: RHB Byron Bentley 0-0: Ball
1-0: Foul Ball, location: 2F
1-1: Foul Ball, location: 2F
1-2: Fielders Choice at 2nd, 2-6 (Groundball, 13S, EV 76.2 MPH)
Pinch Hitting: LHB Damian Counts 0-0: Called Strike
0-1: Ball
1-1: Foul Ball, location: 2F
1-2: Strikes out looking
Bottom of the 8th over - 1 run, 2 hits, 0 errors, 1 left on base; Toronto 6 - Maine 4
TOP OF THE 9TH
Toronto Canadians batting - Pitching for Maine Guides : RHP Shawn Johnson
Pitching: RHP Parker Terry
Now in CF: Damian Counts
Batting: LHB Brian Wheat 0-0: Swinging Strike
0-1: Swinging Strike
0-2: Strikes out swinging
Batting: LHB Romeo Nester 0-0: Ball
1-0: Ball
2-0: Ball
3-0: Called Strike
3-1: SINGLE (Groundball, 34D, EV 96.2 MPH)
Batting: LHB Kelvin Kenney 0-0: Called Strike
0-1: Ball
1-1: Ball
2-1: Foul Ball, location: 2F
2-2: Ball
3-2: Strikes out swinging
Batting: LHB David Mitchell 0-0: Called Strike
0-1: Swinging Strike
0-2: Ball
1-2: Ball
Wild Pitch!
Romeo Nester to second
2-2: Ball
3-2: SINGLE (Line Drive, 8LS, EV 108.1 MPH)
Romeo Nester to third
Batting: LHB Cory Petit 0-0: Ball
1-0: Swinging Strike
1-1: Ground out 2-3 (Groundball, 13S, EV 72.5 MPH)
Top of the 9th over - 0 runs, 2 hits, 0 errors, 2 left on base; Toronto 6 - Maine 4
BOTTOM OF THE 9TH
Maine Guides batting - Pitching for Toronto Canadians : RHP Owen Carr
Pitching: RHP Brian Clark
Now in LF: Dennis Daley
Now in RF: Reese Bowman
Batting: RHB Walt Dutro 0-0: Ball
1-0: Ball
2-0: TRIPLE (Flyball, 89XD, EV 113.1 MPH)
Batting: RHB Sean Brown 0-0: Called Strike
0-1: Ball
1-1: Foul Ball, location: 2F
1-2: Fly out, F7 (Flyball, 7LSF, EV 89.4 MPH)
Batting: RHB Jarrett Shaneyfelt 0-0: Ball
1-0: Ball
2-0: Ball
3-0: Called Strike
3-1: Base on Balls
Batting: RHB Nathan Bennett 0-0: Foul Ball, location: 2F
0-1: Ball
1-1: Foul Ball, location: 2F
1-2: Strikes out swinging
Batting: SHB Desmond Moynihan 0-0: Ball
Pickoff Throw by Catcher to First - Out!
Bottom of the 9th over - 0 runs, 1 hit, 0 errors, 1 left on base; Toronto 6 - Maine 4
Friday, April 5th , 2024 - OOTP Baseball 23.10 Build 110